 Dungeon Sprint DCSS version 0.31-a0-844-gdc52ec4e09 (webtiles) character file.

Game seed: 388293822714973593

615 sircluck the Grappler (level 7, -2/80 HPs)
             Began as a Troll Berserker on Sept 29, 2023.
             Was a Priest of Trog.
             Slain by a hellwing (4 damage)
             ... summoned by a kobold demonologist
             ... in the Dungeon (Sprint VII: "The Pits").
             The game lasted 00:00:46 (57 turns).

sircluck the Grappler (Troll Berserker)               Turns: 57, Time: 00:00:47

Health: -2/80      AC:  4    Str: 28    XL:     7   Next: 21%
Magic:  4/6        EV: 11    Int:  3    God:    Trog [***...]
Gold:   0          SH:  0    Dex:  9    Spells: 6/6 levels left

rFire   . .          .
                       - Unarmed
rCold   . . .        (no shield)
rNeg    . . .        a - +0 animal skin
rPois   .            (helmet restricted)
rElec   .            (no cloak)
rCorr   .            (gloves unavailable)
SInv    .            (boots unavailable)
Will    .....        (no amulet)
Stlth   +            (no ring)
HPRegen 1.13/turn    (no ring)
MPRegen 0.10/turn

%: no teleportation
@: on berserk cooldown, slowed, very slow
A: large, unfitting armour, claws 3, regeneration 1, shaggy fur 1, tough skin 1
a: Renounce Religion, Berserk, Trog's Hand


You were in the Dungeon.
You worshipped Trog.
Trog was most pleased with you.
You visited 1 branch

Inventory:

Armour
 a - a +0 animal skin (worn)
Potions
 b - a potion of curing
 d - a potion of haste
 e - 2 potions of magic
 f - a potion of berserk rage


   Skills:
 + Level 8.1 Fighting
 + Level 8.0 Dodging
 + Level 9.6 Unarmed Combat


You had 6 spell levels left.
You didn't know any spells.
Your spell library was empty.

Dungeon Overview and Level Annotations

Branches:
Dungeon (1/1)

Altars:


Innate Abilities, Weirdness & Mutations

You are too large for most types of armour.
You have claws for hands.
Your natural rate of healing is unusually fast.
You are covered in fur. (AC +1)
You have tough skin. (AC +1)


Message History

The hellwing hits you! x2
* * * LOW HITPOINT WARNING * * *
You scratch the hellwing but do no damage.
You mangle the hellwing!!
The hellwing is heavily wounded.
The kobold hits you but does no damage. The chaos spawn misses you.
The hellwing closely misses you. The hellwing hits you.
* * * LOW HITPOINT WARNING * * *
You scratch the hellwing.
The hellwing is heavily wounded.
You mangle the hellwing!!
The hellwing is almost dead.
The chaos spawn hits you!
* * * LOW HITPOINT WARNING * * *
The chaos spawn shocks you.
* * * LOW HITPOINT WARNING * * *
The hellwing hits you.
* * * LOW HITPOINT WARNING * * *
The hellwing hits you!
* * * LOW HITPOINT WARNING * * *
You are no longer berserk.
You are exhausted.
You feel yourself slow down.
Okay, then.
Blink to where?
Press: ? - help, Q - select action, (/) - cycle Dir - move target
As you read the scroll of blinking, it crumbles to dust.
The kobold demonologist gestures wildly while chanting.
You feel much better.
The kobold throws a stone.
The stone barely misses you. The chaos spawn gores you!
* * * LOW HITPOINT WARNING * * *
You feel your power leaking away. The chaos spawn hits you!
* * * LOW HITPOINT WARNING * * *
The hellwing attacks as it pursues you! The hellwing hits you.
* * * LOW HITPOINT WARNING * * *
The hellwing barely misses you.
The kobold throws a stone.
The stone hits you but does no damage. The chaos spawn closely misses you.
The hellwing hits you.
You die...

##########++######
#........44......#
#......#K@#......#
#................+
+......K.........+
#.....3#..#......#
#...))...........#
####)#####''######
#.......##''#
#.......##..K.
#.......##K....


You could see a hellwing (summoned), a kobold demonologist, a ynoxinul
(summoned), a chaos spawn (summoned) and a kobold.

Vanquished Creatures
  A kobold demonologist (D)
  An ice devil (D)
  2 kobold brigands (D)
  2 kobolds (D)
6 creatures vanquished.

Notes
Turn   | Place    | Note
-------+----------+-------------------------------------------
     0 | D        | sircluck the Troll Berserker began the quest for the Orb.
     0 | D        | Reached XP level 1. HP: 22/22 MP: 0/0
    11 | D        | Noticed a kobold brigand
    11 | D        | Noticed an ice devil
    11 | D        | Noticed a kobold demonologist
    31 | D        | Killed a kobold demonologist
    32 | D        | Reached skill level 7 in Unarmed Combat
    32 | D        | Reached XP level 2. HP: 37/37 MP: 1/1
    32 | D        | Reached XP level 3. HP: 45/45 MP: 2/2
    32 | D        | Reached XP level 4. HP: 53/53 MP: 3/3
    32 | D        | Reached XP level 5. HP: 61/61 MP: 4/4
    34 | D        | Killed an ice devil
    34 | D        | Reached ** piety under Trog
    35 | D        | Reached skill level 9 in Unarmed Combat
    35 | D        | Reached XP level 6. HP: 66/71 MP: 5/5
    35 | D        | Noticed a kobold demonologist
    37 | D        | Reached XP level 7. HP: 74/79 MP: 6/6
    38 | D        | Noticed a smoke demon
    41 | D        | Noticed a hellwing
    46 | D        | Noticed a chaos spawn
    46 | D        | Reached *** piety under Trog
    51 | D        | HP: 2/120 [hellwing[a kobold demonologist] (7)]
    55 | D        | Noticed a ynoxinul
    57 | D        | HP: 2/80 [hellwing[a kobold demonologist] (6)]
    57 | D        | Slain by a hellwing

Illustrated notes

Levels and vault maps discovered:
D:        pitsprint [storerooms_1, entrance_room_1, metal_vault_8, armoury_1,
          mini_pit_1, grid_room_1, main_hall_1, silver_pit, the_coven_2,
          the_vestibule_1, steel_vault_2, golden_pit, hallway_of_sentries,
          crystal_vault_1, iron_vault_1, final_vault]

Skill      XL: |  1  2  3  4  5  6  7 |
---------------+----------------------+-----
Fighting       | 6 7 8 |  8.1
Dodging        | 6 7 8 |  8.0
Unarmed Combat | 7 9 |  9.6

Action                     |  1- 3 |  4- 6 |  7- 9 || total
---------------------------+-------+-------+-------++-------
  Melee: Unarmed           |     5 |     4 |    15 ||    24
         Punch             |     1 |       |     1 ||     2
 Invoke: Berserk           |     1 |       |       ||     1
    Use: Scroll            |       |       |     1 ||     1
         Potion            |       |       |     1 ||     1
 Armour: Animal skin       |     1 |     2 |    20 ||    23
  Dodge: Dodged            |     1 |       |    10 ||    11

Table legend: (Time is in decaauts)
 A = Elapsed time spent in this place.
 B = Non-inter-level travel time spent in this place.
 C = Inter-level travel time spent in this place.
 D = Time resting spent in this place.
 E = Time spent auto-exploring this place.
 F = Levels seen in this place.
 G = Mean time per level.
                   A        B        C        D        E       F      G
               +--------+--------+--------+--------+--------+-----+--------+
         Total |     48 |     48 |      0 |      4 |     11 |   1 |   48.0 |
       Dungeon |     48 |     48 |      0 |      4 |     11 |   1 |   48.0 |
               +--------+--------+--------+--------+--------+-----+--------+

Top non-repeatable levels by time:
       D: 48 daAuts
